 Dungeon Crawl Stone Soup version 0.28-a0-969-g2dcde036d2 (webtiles) character file.

Game seed: 1434332844846439048

148 HessuHobo the Ogre Mage (level 5, 0/49 HPs)
             Began as an Ogre Fire Elementalist on Dec 1, 2021.
             Slain by a killer bee (8 damage)
             ... on level 5 of the Dungeon.
             The game lasted 00:05:26 (5805 turns).

HessuHobo the Ogre Mage (Ogre Fire Elementalist)    Turns: 5805, Time: 00:05:26

Health: 0/49       AC:  3    Str: 12    XL:     5   Next: 30%
Magic:  8/10       EV:  9    Int: 18    God:
Gold:   93         SH:  5    Dex:  9    Spells: 7/10 levels left

rFire   . . .      SeeInvis .   h - +2 hand axe (freeze)
rCold   . . .      Faith    .   (no shield)
rNeg    . . .      Spirit   .   a - +0 robe
rPois   .          Reflect  +   (helmet restricted)
rElec   .          Harm     .   (no cloak)
rCorr   .          Rampage  .   (gloves unavailable)
Will    .....                   (boots unavailable)
Stlth   +.........              n - amulet of reflection
HPRegen 0.16/turn               (no ring)
MPRegen 0.12/turn               (no ring)

@: lethally poisoned (0 -> -6), about to teleport
A: large, unfitting armour, tough skin 1
a: no special abilities


You were on level 5 of the Dungeon.
You visited 1 branch of the dungeon, and saw 5 of its levels.

You collected 93 gold pieces.

Inventory:

Hand Weapons
 d - a +0 dagger
 h - a +2 hand axe of freezing (weapon)
Armour
 a - a +0 robe (worn)
Jewellery
 n - an amulet of reflection (around neck)
Scrolls
 b - a scroll of teleportation
 e - a scroll of immolation
 m - a scroll of torment
Potions
 c - a potion of brilliance
 f - a potion of heal wounds
 i - a potion of ambrosia {unknown}
 j - a potion of mutation {unknown}
 k - a potion of curing {unknown}
 l - a potion of flight {unknown}
 o - a potion of invisibility {unknown}


   Skills:
 + Level 2.2 Fighting
 + Level 1.5 Axes
 - Level 1.7 Dodging
 - Level 1.4 Stealth
 + Level 3.4 Spellcasting
 + Level 2.2 Conjurations
 + Level 3.4 Fire Magic


You had 7 spell levels left.
You knew the following spells:

 Your Spells              Type           Power      Damage    Failure   Level
a - Foxfire               Conj/Fire      52%        2x1d6     4%          1
b - Scorch                Fire           30%        2d6       5%          2

Your spell library contained the following spells:

 Spells                   Type           Power      Damage    Failure   Level
 Conjure Flame            Conj/Fire      13%        6-21      14%         3
 Inner Flame              Hex/Fire       9%         N/A       22%         3
 Corpse Rot               Necr/Air       6%         N/A       24%         2
 Flame Wave               Conj/Fire      13%        2d5       43%         4
 Dispel Undead            Necr           3%         3d7       83%         4
 Death Channel            Necr           1%         N/A       100%        6


Dungeon Overview and Level Annotations

Branches:
Dungeon (5/15)
 Temple: D:4-7

Altars:
Kikubaaqudgha
Beogh

Annotations:
D:3 bgiannan's ghost, weakling PaFi


Innate Abilities, Weirdness & Mutations

You are too large for most types of armour.
You have tough skin. (AC +1)


Message History

The foxfire hits the killer bee but does no damage.
The killer bee is moderately wounded.
You block the killer bee's attack. The killer bee stings you.
The killer bee stings you but does no damage.
You block the killer bee's attack. The killer bee barely misses you.
The killer bee closely misses you.
There is an open door here.
The killer bee stings you!
You are poisoned.
The killer bee poisons you!
You feel sick. You block the killer bee's attack.
You feel sick.
Casting: Foxfire (safe; 4% risk of failure)
Confirm with . or Enter, or press ? or * to list all spells.
Flames lash the killer bee.
The killer bee is moderately wounded.
The killer bee's fire resistance burns away.
You feel sick. The killer bee completely misses you.
You feel sick. The killer bee stings you!
You feel sick. The killer bee stings you.
You feel sick.
The killer bee is no longer more vulnerable to fire.
The killer bee stings you but does no damage.
The killer bee misses you.
There is an open door here.
You feel sick.
You are no longer poisoned.
The killer bee barely misses you. The killer bee stings you.
The killer bee closely misses you. You block the killer bee's attack.
The killer bee barely misses you. You block the killer bee's attack.
As you read the scroll of teleportation, it crumbles to dust.
You feel strangely unstable. The killer bee stings you!
* * * LOW HITPOINT WARNING * * *
You are poisoned.
The killer bee poisons you! The killer bee closely misses you.
The killer bee barely misses you. The killer bee stings you!
You die...

##############
#............#
#.........<..#
+............#
#............#
#######..y@........#
#.......yyy.########
#.........y.#
#...........#
#......######
#......# ####'###
########.....#
#.....##.....#


You could see 5 killer bees.

Vanquished Creatures
  A scorpion (D:5)
  Jessica (D:3)
  An adder (D:4)
  A worm (D:2)
  4 orcs
  4 endoplasms
  A giant cockroach (D:3)
  4 goblins
  4 hobgoblins
  2 jackals (D:3)
  2 kobolds
  2 quokkas
  9 ball pythons
  5 bats
  6 frilled lizards
  A rat (D:2)
48 creatures vanquished.

Vanquished Creatures (others)
  55 foxfires
55 creatures vanquished.

Grand Total: 103 creatures vanquished

Notes
Turn   | Place    | Note
-------+----------+-------------------------------------------
     0 | D:1      | HessuHobo the Ogre Fire Elementalist began the quest for
                  | the Orb.
     0 | D:1      | Reached XP level 1. HP: 16/16 MP: 3/3
   310 | D:1      | Reached skill level 1 in Conjurations
   910 | D:1      | Reached XP level 2. HP: 24/24 MP: 2/5
  2066 | D:2      | Learned a level 2 spell: Scorch
  2607 | D:2      | Reached XP level 3. HP: 32/32 MP: 2/7
  3123 | D:2      | Found a faded altar of an unknown god.
  3690 | D:3      | Reached skill level 1 in Fighting
  4208 | D:3      | Found an ancient bone altar of Kikubaaqudgha.
  4241 | D:3      | Noticed Jessica
  4245 | D:3      | Killed Jessica
  4246 | D:3      | Reached skill level 1 in Axes
  4246 | D:3      | Reached XP level 4. HP: 25/41 MP: 4/8
  4927 | D:3      | Found a runed translucent gate.
  4927 | D:3      | Found a runed translucent gate.
  4927 | D:3      | Found a runed translucent gate.
  4930 | D:3      | Noticed bgiannan's ghost (weakling PaFi)
  4931 | D:3      | Identified the +3 short sword of the Mouth {freeze, Int+3}
  5409 | D:4      | Noticed a scorpion
  5465 | D:4      | Noticed a phantom
  5474 | D:5      | Entered Level 5 of the Dungeon
  5477 | D:5      | Killed a scorpion
  5478 | D:5      | Reached XP level 5. HP: 17/49 MP: 2/10
  5805 | D:5      | Slain by a killer bee

Illustrated notes

Levels and vault maps discovered:
D:1:      psy_arrival_radial02, layout_basic
D:2:      layout_basic, basic_ecumenical_altar, kennysheep_cluttered_room
D:3:      layout_loops_corners, mainiacjoe_overflow_paths,
          biasface_ghost_orc_armoury, minmay_cut_off, uniq_jessica
D:4:      layout_loops_corners, minmay_temple_entry_ruins,
          grunt_decor_mini_mirrors, st_stairs_11, kennysheep_generic_room_7
D:5:      layout_gridville, minmay_fountain_box

Skill      XL: |  1  2  3  4 |
---------------+-------------+-----
Conjurations   | 1 2 |  2.2
Fire Magic     | 3 |  3.4
Spellcasting   | 3 |  3.4
Fighting       | 1 2 |  2.2
Axes           | 1 |  1.5
Dodging        | |  1.7
Stealth        | |  1.4

Action                   |  1- 3 |  4- 6 || total
-------------------------+-------+-------++-------
Melee: Unarmed           |     2 |       ||     2
       Hand axe          |    13 |     4 ||    17
 Cast: Foxfire           |    39 |     9 ||    48
       Scorch            |    14 |    10 ||    24
  Use: Scroll            |       |     6 ||     6
Armor: Robe              |    15 |     6 ||    21
Dodge: Dodged            |    18 |    24 ||    42
Block: Other             |       |    11 ||    11

Table legend: (Time is in decaauts)
 A = Elapsed time spent in this place.
 B = Non-inter-level travel time spent in this place.
 C = Inter-level travel time spent in this place.
 D = Time resting spent in this place.
 E = Time spent auto-exploring this place.
 F = Levels seen in this place.
 G = Mean time per level.
                   A        B        C        D        E       F      G
               +--------+--------+--------+--------+--------+-----+--------+
         Total |   5807 |   5714 |     93 |   3114 |   2004 |   5 | 1161.4 |
       Dungeon |   5807 |   5714 |     93 |   3114 |   2004 |   5 | 1161.4 |
               +--------+--------+--------+--------+--------+-----+--------+

Top non-repeatable levels by time:
     D:3: 2180 daAuts
     D:1: 1962 daAuts
     D:2: 1267 daAuts
     D:5: 330 daAuts
     D:4: 66 daAuts
